 Dungeon Crawl Stone Soup version 0.31-a0-479-g91c9547826 (webtiles) character file.

Game seed: 4519114688805807330

24348 gorlim the Brawler (level 12, -12/115 HPs)
             Began as a Troll Berserker on Aug 7, 2023.
             Was the Champion of Trog.
             Shot with an arrow by a centaur (17 damage)
             ... led by a centaur warrior
             ... on level 13 of the Dungeon.
             The game lasted 00:34:57 (9613 turns).

gorlim the Brawler (Troll Berserker)                Turns: 9613, Time: 00:34:57

Health: -12/115    AC: 17    Str: 36    XL:     12   Next: 79%
Magic:  20/20      EV: 10    Int:  1    God:    Trog [******]
Gold:   645        SH:  0    Dex:  9    Spells: 11/11 levels left

rFire   + +          .
                       - Unarmed
rCold   . . .        (no shield)
rNeg    + . .        b - +1 pearl dragon scales of the Constellations {rN+ Will+ MP+9 Slay+2}
rPois   +            (helmet restricted)
rElec   .            (no cloak)
rCorr   .            (gloves unavailable)
SInv    +            (boots unavailable)
Will    +....        d - amulet of regeneration
Stlth   x              - +6 ring of strength
HPRegen 1.99/turn    u - ring of Cijureic {Fly rPois rF++ Int-4 SInv}
MPRegen 0.17/turn

%: no passive effects
@: about to teleport, flying
A: large, unfitting armour, claws 3, regeneration 1, shaggy fur 1, tough skin 1
a: Renounce Religion, Berserk, Trog's Hand, Brothers in Arms


You were on level 13 of the Dungeon.
You worshipped Trog.
Trog was exalted by your worship.
You visited 1 branch of the dungeon, and saw 13 of its levels.

You collected 645 gold pieces.

Inventory:

Hand Weapons
 B - a +1 glaive
 E - the +7 rapier of Makhleb's Fury {speed, Will+ Int+3}
   (You found it on level 12 of the Dungeon)

   Int:       It affects your intelligence (+3).
   Will:      It increases your willpower.
 F - a +3 antimagic dire flail
Missiles
 i - 2 throwing nets
 D - 12 large rocks
Armour
 b - the +1 pearl dragon scales of the Constellations (worn) {rN+ Will+ MP+9 Slay+2}
   (You acquired it on level 3 of the Dungeon)

   Slay:      It affects your accuracy & damage with ranged weapons and melee
   (+2).
   rN:        It protects you from negative energy.
   MP:        It affects your magic capacity (+9).
   Will:      It increases your willpower.
Jewellery
 d - an amulet of regeneration (around neck)
 q - an amulet of guardian spirit
 u - the ring of Cijureic (right claw) {Fly rPois rF++ Int-4 SInv}
   (You took it off a gnoll sergeant on level 8 of the Dungeon)

   [ring of poison resistance]

   Int:       It affects your intelligence (-4).
   rF:        It greatly protects you from fire.
   rPois:     It protects you from poison.
   SInv:      It lets you see invisible.
   Fly:       It grants you flight.
 x - a +6 ring of strength (left claw)
 G - a ring of protection from cold
Wands
 m - a wand of digging (3)
 n - a wand of roots (10)
 p - a wand of polymorph (6)
 v - a wand of flame (24)
 y - a wand of paralysis (5)
Scrolls
 e - 6 scrolls of teleportation
 j - a scroll of brand weapon
 k - 2 scrolls of enchant weapon
 s - 3 scrolls of blinking
 z - 2 scrolls of revelation
 H - a scroll of identify
Potions
 a - a potion of haste
 c - 2 potions of berserk rage
 f - 2 potions of attraction
 g - a potion of cancellation
 h - 2 potions of curing
 l - a potion of enlightenment
 o - a potion of brilliance
 r - 2 potions of mutation
 t - 2 potions of invisibility
 w - 5 potions of ambrosia
 A - 2 potions of might
 C - a potion of heal wounds {unknown}


   Skills:
 * Level 6.9 Fighting
 * Level 3.0 Throwing
 * Level 8.9 Armour
 * Level 6.7 Dodging
 + Level 1.1 Stealth
 * Level 15.5 Unarmed Combat


You had 11 spell levels left.
You didn't know any spells.
Your spell library was empty.

Dungeon Overview and Level Annotations

Branches:
Dungeon (13/15)            Temple (0/1) D:7            Lair (0/5) D:9
    Orc (0/2) D:12
 Vaults: D:13-14

Altars:
Elyvilon
Fedhas
Hepliaklqana
Sif Muna
Trog
Uskayaw
Vehumet
Xom
Yredelemnul
Zin

Shops:
D:5 (   D:12 ?

Portals:
Trove: D:11 (give +7 demon trident)

Annotations:
D:13 2 transporters, exclusion: obsidian statue, generaletaddeo's ghost, adept FoEE; soepkip's ghost, journeyman MiFi


Innate Abilities, Weirdness & Mutations

You are too large for most types of armour.
You have claws for hands.
Your natural rate of healing is unusually fast.
You are covered in fur. (AC +1)
You have tough skin. (AC +1)


Message History

The arrow hits you!
The centaur warrior hits you but does no damage.
The centaur warrior kicks you.
You claw the centaur warrior!
The centaur warrior is moderately wounded.
The centaur warrior hits you but does no damage.
The centaur warrior kicks you but does no damage.
The centaur shoots an arrow.
The arrow hits you!!
* * * LOW HITPOINT WARNING * * *
Okay, then.
As you read the scroll of teleportation, it crumbles to dust.
You feel strangely unstable.
The centaur shoots an arrow.
The arrow hits you.
* * * LOW HITPOINT WARNING * * *
The arrow freezes you.
* * * LOW HITPOINT WARNING * * *
The centaur warrior hits you but does no damage.
The centaur warrior kicks you but does no damage.
The centaur shoots an arrow.
The arrow hits you.
* * * LOW HITPOINT WARNING * * *
The arrow freezes you.
* * * LOW HITPOINT WARNING * * *
You feel better.
The centaur warrior hits you but does no damage.
The centaur warrior kicks you but does no damage.
The centaur shoots an arrow.
The arrow hits you!
* * * LOW HITPOINT WARNING * * *
The centaur shoots an arrow.
The arrow hits you!
* * * LOW HITPOINT WARNING * * *
The arrow freezes you.
* * * LOW HITPOINT WARNING * * *
The centaur warrior hits you.
* * * LOW HITPOINT WARNING * * *
The centaur warrior barely misses you.
The centaur shoots an arrow.
The arrow hits you but does no damage.
The centaur unwields a +2 shortbow of freezing.
The centaur hits you.
* * * LOW HITPOINT WARNING * * *
The centaur closely misses you.
The centaur shoots an arrow.
The arrow hits you!
You die...

.###.#.~##..#...#
##|#...$.##c..### ####
.(.##.~#y#.....###..##
[.#..#c#.....##....##
:/(#..y#W#......#.....#
##!##..xJ##.c#c.##....##
B###.#.~##c.#....#....#
....~.8##...##.##.....#
...~..##..#.##c.@.....##
.###.##..##..cc[.......##
#.©.##..###..##.........##
#####.......###..........#
..©...#####..##...#.....###
.....######..##....#......##
#.....##......#....#.......#
......#....................#
..)...##..................##


You could see a centaur warrior, a moth of wrath and 4 centaurs.

Vanquished Creatures
  A catoblepas (D:13)
  2 boulder beetles (D:13)
  A hydra (D:8)
  2 centaur warriors
  3 two-headed ogres
  A wizard (D:12)
  A deep elf pyromancer (D:11)
  3 cyclopes
  2 manticores
  2 ugly things
  2 unseen horrors
  3 kobold demonologists
  A komodo dragon (D:10)
  2 unseen horror zombies (D:9)
  A queen bee (D:12)
  3 meliai (D:12)
  A hornet (D:7)
  2 trolls
  6 slime creatures
  3 wraiths
  A spriggan (shapeshifter) (D:13)
  A shadow (D:9)
  16 yaks
  A basilisk (shapeshifter) (D:13)
  A basilisk (D:12)
  7 vampire mosquitoes
  3 wargs (D:12)
  A water moccasin (D:7)
  3 acid dragons
  2 black bears
  An ice beast (D:7)
  2 sky beasts
  5 centaurs
  A phantom (D:7)
  4 ogres
  7 kobold brigands
  3 gnoll sergeants
  A wyvern zombie (D:9)
  6 bullfrogs
  30 killer bees
  5 electric eels (D:10)
  2 howler monkeys (D:8)
  5 hounds
  4 jellies
  An orc priest (D:8)
  4 centaur zombies (D:9)
  2 iguanas (D:5)
  A sleepcap (D:6)
  17 orc wizards
  A killer bee zombie (D:9)
  A howler monkey zombie (D:9)
  5 adders
  10 gnolls
  2 shadow imps
  A white imp (D:4)
  2 ufetubi
  7 worms
  4 dart slugs (D:4)
  37 orcs
  6 endoplasms
  6 goblins
  16 hobgoblins
  4 jackals (D:1)
  41 kobolds
  5 quokkas
  6 ball pythons
  3 bats
  3 frilled lizards
  5 rats
344 creatures vanquished.

Vanquished Creatures (collateral kills)
  An ugly thing (D:8)
  A howler monkey (D:8)
  2 orcs (D:8)
4 creatures vanquished.

Grand Total: 348 creatures vanquished

Notes
Turn   | Place    | Note
-------+----------+-------------------------------------------
     0 | D:1      | gorlim the Troll Berserker began the quest for the Orb.
     0 | D:1      | Reached XP level 1. HP: 22/22 MP: 0/0
   114 | D:1      | Reached XP level 2. HP: 29/29 MP: 1/1
   925 | D:2      | Reached XP level 3. HP: 36/36 MP: 2/2
  1024 | D:2      | Reached ** piety under Trog
  1095 | D:2      | Found a shimmering altar of Xom.
  1500 | D:3      | Reached skill level 4 in Unarmed Combat
  1500 | D:3      | Reached XP level 4. HP: 36/44 MP: 3/3
  1606 | D:3      | Reached XP level 5. HP: 32/53 MP: 4/4
  2283 | D:3      | Identified a scroll of acquirement
  2283 | D:3      | Acquired the +1 pearl dragon scales of the Constellations
                  | {rN+ Will+ MP+9 Slay+2}
  2387 | D:4      | Reached skill level 5 in Unarmed Combat
  2404 | D:4      | Reached *** piety under Trog
  2446 | D:4      | Reached XP level 6. HP: 61/61 MP: 5/5
  2609 | D:4      | Reached skill level 6 in Unarmed Combat
  2674 | D:4      | Reached XP level 7. HP: 51/67 MP: 6/6
  2898 | D:5      | Entered Level 5 of the Dungeon
  3090 | D:5      | Reached skill level 1 in Armour
  3125 | D:5      | Found Erol's Antique Weapon Emporium.
  3179 | D:5      | Found a hazy altar of Hepliaklqana.
  3216 | D:5      | You fall into a shaft and drop 1 floor!
  3267 | D:6      | Reached skill level 7 in Unarmed Combat
  3331 | D:5      | Reached **** piety under Trog
  3788 | D:6      | Reached XP level 8. HP: 27/78 MP: 7/7
  4142 | D:7      | Noticed a two-headed ogre
  4150 | D:7      | Killed a two-headed ogre
  4151 | D:7      | Reached skill level 9 in Unarmed Combat
  4158 | D:7      | Found a white marble altar of Elyvilon.
  4216 | D:7      | Found a staircase to the Ecumenical Temple.
  4271 | D:7      | Found a bloodstained altar of Trog.
  4410 | D:7      | Reached XP level 9. HP: 84/84 MP: 8/8
  4892 | D:7      | Found a hide-covered altar of Uskayaw.
  5250 | D:7      | Reached skill level 10 in Unarmed Combat
  5394 | D:8      | Found a radiant altar of Vehumet.
  5398 | D:8      | Noticed a centaur warrior
  5406 | D:8      | Killed a centaur warrior
  5407 | D:8      | Reached skill level 5 in Armour
  5431 | D:8      | Noticed an eight-headed hydra
  5433 | D:8      | Identified the +0 chain mail "Joud Poa" {Str+2 Dex+4}
  5433 | D:8      | Identified the ring of Cijureic {Fly rPois rF++ Int-4 SInv}
  5459 | D:8      | Reached skill level 5 in Fighting
  5502 | D:7      | Reached XP level 10. HP: 96/96 MP: 9/9
  5512 | D:7      | Reached ***** piety under Trog
  5547 | D:7      | Reached skill level 11 in Unarmed Combat
  5744 | D:8      | Found a shimmering blue altar of Sif Muna.
  5751 | D:8      | Killed a 12-headed hydra
  5752 | D:8      | Reached skill level 5 in Dodging
  5753 | D:8      | Noticed a brown ugly thing
  5763 | D:8      | Killed a brown ugly thing
  5797 | D:8      | Noticed a manticore
  5806 | D:8      | Killed a manticore
  5807 | D:8      | Reached skill level 12 in Unarmed Combat
  6182 | D:9      | Reached XP level 11. HP: 95/104 MP: 10/10
  6278 | D:9      | Received a gift from Trog
  6286 | D:9      | Found a basalt altar of Yredelemnul.
  6350 | D:9      | Reached skill level 13 in Unarmed Combat
  6422 | D:9      | Found a glowing silver altar of Zin.
  6751 | D:9      | Found a staircase to the Lair.
  6801 | D:10     | Entered Level 10 of the Dungeon
  6841 | D:10     | Identified the +0 robe "Zodun" {rCorr}
  7499 | D:10     | Found a blossoming altar of Fedhas.
  7551 | D:11     | Noticed a deep elf pyromancer
  7644 | D:11     | Killed a deep elf pyromancer
  7663 | D:11     | Found a portal to a secret trove of treasure.
  8367 | D:12     | Noticed a cyan ugly thing
  8383 | D:12     | Killed a cyan ugly thing
  8403 | D:12     | Found a staircase to the Orcish Mines.
  8432 | D:12     | Reached skill level 1 in Throwing
  8461 | D:12     | Found Moast's Magic Scroll Emporium.
  8515 | D:12     | Noticed a wizard
  8526 | D:12     | Killed a wizard
  8563 | D:12     | Reached skill level 14 in Unarmed Combat
  8661 | D:12     | Reached XP level 12. HP: 108/115 MP: 11/11
  8703 | D:12     | Identified the +7 rapier of Makhleb's Fury {speed, Will+
                  | Int+3}
  8708 | D:12     | Found a shimmering altar of Xom.
  8720 | D:12     | Found a shimmering altar of Xom.
  8720 | D:12     | Found a shimmering altar of Xom.
  8839 | D:12     | Noticed a two-headed ogre
  8843 | D:12     | Killed a two-headed ogre
  8919 | D:12     | Reached skill level 1 in Stealth
  8920 | D:12     | HP: 3/115 [meliai/divine providence (13)]
  8938 | D:13     | Noticed a boulder beetle
  9045 | D:13     | Received a gift from Trog
  9180 | D:12     | Reached ****** piety under Trog
  9363 | D:13     | Noticed a catoblepas
  9367 | D:13     | Noticed a boulder beetle
  9373 | D:13     | Noticed a centaur warrior
  9378 | D:13     | Killed a catoblepas
  9379 | D:13     | Noticed a boulder beetle
  9386 | D:13     | Killed a centaur warrior
  9387 | D:13     | Reached skill level 15 in Unarmed Combat
  9400 | D:13     | Killed a boulder beetle
  9410 | D:13     | Killed a boulder beetle
  9469 | D:13     | Found a transporter.
  9472 | D:13     | Noticed a two-headed ogre
  9478 | D:13     | Killed a two-headed ogre
  9537 | D:13     | Noticed generaletaddeo's ghost (adept FoEE)
  9538 | D:13     | Noticed a centaur warrior
  9574 | D:13     | Noticed soepkip's ghost (journeyman MiFi)
  9581 | D:13     | Found a transporter.
  9584 | D:13     | Noticed a centaur warrior
  9611 | D:13     | HP: 4/115 [centaur warrior (6)]
  9613 | D:13     | Shot with an arrow by a centaur

Illustrated notes

Levels and vault maps discovered:
D:1:      lemuel_arrival_muddy, layout_loops_ring, minmay_unequal
D:2:      layout_loops_cross, basic_altar, glass_columns_b
D:3:      layout_loops_ring
D:4:      layout_rooms, dreamdust_princess_corridor
D:5:      layout_loops_ring, mainiacjoe_overflow_paths, serial_shops, shop
D:6:      layout_cave_pools
D:7:      layout_basic, mainiacjoe_overflow_24_doors,
          mainiacjoe_overflow_alcove_4, mainiacjoe_overflow_cross_hatched,
          minmay_temple_entry_large_hall, grunt_ministairs_14
D:8:      minmay_the_grid_octo_tiled_octocenter [minmay_the_grid_octo_checkered,
          minmay_the_grid_octo_horde, minmay_the_grid_octo_empty,
          minmay_the_grid_octo_fat_diamond, minmay_the_grid_octo_prize_star,
          minmay_the_grid_square_5x5_bite,
          minmay_the_grid_square_5x5_intrusive_squares,
          minmay_the_grid_square_5x5_almost_minimal,
          minmay_the_grid_square_5x5_two_walls_a], layout_cave_pools,
          kennysheep_little_box, nicolae_vehumet_altar_sigil
D:9:      layout_rooms, nicolae_yredelemnul_corpse_copse,
          mainiacjoe_overflow_six_doors_small, dpeg_oklobed_lair,
          serial_park_tiny_pond, grunt_decor_mini_mirrors, nicolae_titane
D:10:     layout_basic, lemuel_coloured_pillars_altar
D:11:     layout_long_grid, nicolae_trove_entry_free_sample
D:12:     layout_roguey [special_room_bee], minmay_orc_entry_guard_dogs,
          serial_shops, nicolae_shop_tiny_glass, xom_redecorated
D:13:     layout_cave_pools, nzn_ghost_randoct, grunt_ministairs_9,
          minmay_pinched_square

Skill      XL: |  1  2  3  4  5  6  7  8  9 10 11 12 |
---------------+-------------------------------------+-----
Dodging        | 3 4 5 6 |  6.7
Unarmed Combat | 4 5 6 7 9 10 12 14 15 | 15.5
Fighting       | 3 4 5 6 |  6.9
Armour         | 2 3 5 6 8 |  8.9
Throwing       | 1 3 |  3.0
Stealth        | 1 |  1.1

Action                     |  1- 3 |  4- 6 |  7- 9 | 10-12 || total
---------------------------+-------+-------+-------+-------++-------
  Melee: Unarmed           |   103 |   152 |   182 |   483 ||   920
         Punch             |       |     1 |     4 |    36 ||    41
 Invoke: Berserk           |       |       |     1 |       ||     1
    Use: Scroll            |     6 |     3 |     9 |     8 ||    26
         Potion            |       |       |     1 |     5 ||     6
 Armour: Animal skin       |    25 |    15 |       |       ||    40
         Pearl dragon scal |       |    42 |   130 |   326 ||   498
  Dodge: Dodged            |    49 |    54 |    94 |   215 ||   412

Table legend: (Time is in decaauts)
 A = Elapsed time spent in this place.
 B = Non-inter-level travel time spent in this place.
 C = Inter-level travel time spent in this place.
 D = Time resting spent in this place.
 E = Time spent auto-exploring this place.
 F = Levels seen in this place.
 G = Mean time per level.
                   A        B        C        D        E       F      G
               +--------+--------+--------+--------+--------+-----+--------+
         Total |   9469 |   8854 |    615 |    170 |   6307 |  13 |  728.4 |
       Dungeon |   9469 |   8854 |    615 |    170 |   6307 |  13 |  728.4 |
               +--------+--------+--------+--------+--------+-----+--------+

Top non-repeatable levels by time:
     D:7: 1282 daAuts
    D:12: 847 daAuts
     D:1: 839 daAuts
     D:3: 821 daAuts
    D:10: 795 daAuts
     D:8: 755 daAuts
    D:11: 725 daAuts
     D:5: 660 daAuts
     D:9: 659 daAuts
     D:2: 626 daAuts
     D:4: 589 daAuts
     D:6: 494 daAuts
    D:13: 371 daAuts
